TOP OF THE 1ST |
---|
Casper Ghosts batting - Pitching for Culver City Extras : RHP Juan Rojas | Pitching: RHP Juan Rojas | | Batting: RHB Troy Reed | 0-0: Ball 1-0: Foul Ball, location: 2F 1-1: Ground out 1-3 (Groundball, 13) | Batting: RHB Robert Acosta | 0-0: Ball 1-0: SINGLE (Groundball, 56S) (infield hit) | Batting: RHB Paul Richard | 0-0: Called Strike 0-1: Ball 1-1: Foul Ball, location: 2F 1-2: Ball 2-2: Strikes out looking | Batting: RHB Mark Arnold | 0-0: Ball 1-0: SINGLE (Line Drive, 9S) Robert Acosta to second Runner from 2nd tries for 3rd, SAFE, throw made to third | Batting: LHB Luis Rodríguez | 0-0: Ball 1-0: Called Strike 1-1: Foul Ball, location: 2F 1-2: Fly out, F7 (Flyball, 7LS) | Top of the 1st over - 0 runs, 2 hits, 0 errors, 2 left on base; Casper 0 - Culver City 0 | BOTTOM OF THE 1ST |
---|
Culver City Extras batting - Pitching for Casper Ghosts : RHP Larry Jenkins | Pitching: RHP Larry Jenkins | | Batting: RHB Horace Johnson | 0-0: Ball 1-0: Ball 2-0: SINGLE (Groundball, 6MD) | Batting: RHB Jamie Swyers | 0-0: Ball 1-0: Called Strike 1-1: Swinging Strike 1-2: Ball 2-2: Foul Ball, location: 2F 2-2: Ball 3-2: Grounds into double play, 6-4-3 (Groundball, 6) | Batting: LHB Jorge Martínez | 0-0: Foul Ball, location: 2F 0-1: Foul Ball, location: 2F 0-2: Ball 1-2: Foul Ball, location: 2F 1-2: Ball 2-2: Ball 3-2: DOUBLE (Line Drive, 9LD) | Batting: LHB Tony Smith | 0-0: Ball 1-0: Foul Ball, location: 2F 1-1: Foul Ball, location: 2F 1-2: Strikes out looking | Bottom of the 1st over - 0 runs, 2 hits, 0 errors, 1 left on base; Casper 0 - Culver City 0 | TOP OF THE 2ND |
---|
Casper Ghosts batting - Pitching for Culver City Extras : RHP Juan Rojas | Batting: RHB Miguel Toro | 0-0: Ball 1-0: Ground out 4-3 (Groundball, 34) | Batting: SHB José González | 0-0: Ball 1-0: Ball 2-0: Called Strike 2-1: Ball 3-1: Called Strike 3-2: Base on Balls | Batting: RHB Hunter Plunket | 0-0: Ball Throwing error on steal attempt, E2 José González to third 1-0: Ball 2-0: Ball 3-0: Base on Balls | Batting: RHB Peter Bryant | 0-0: Called Strike 0-1: Ball 1-1: Ball 2-1: SINGLE (Line Drive, 34D) José González scores Hunter Plunket to second | Batting: RHB Troy Reed | 0-0: Called Strike 0-1: Called Strike Hunter Plunket steals 3rd base 0-2: SINGLE (Groundball, 4MD) Hunter Plunket scores Peter Bryant to second Peter Bryant to third | Batting: RHB Robert Acosta | 0-0: Ball 1-0: Grounds into double play, 5-4-3 (Groundball, 56) | Top of the 2nd over - 2 runs, 2 hits, 1 error, 1 left on base; Casper 2 - Culver City 0 | BOTTOM OF THE 2ND |
---|
Culver City Extras batting - Pitching for Casper Ghosts : RHP Larry Jenkins | Batting: LHB Ramiro Venegas | 0-0: Swinging Strike 0-1: Ball 1-1: Ball 2-1: Ground out U3 (Groundball, 34) | Batting: LHB Richard Bell | 0-0: Ball 1-0: Called Strike 1-1: Ground out 5-3 (Groundball, 5) | Batting: LHB Trey Fitzpatrick | 0-0: Ball 1-0: Called Strike 1-1: Foul Ball, location: 2F 1-2: Ball 2-2: Fly out, F8 (Flyball, 8LS) | Bottom of the 2nd over - 0 runs, 0 hits, 0 errors, 0 left on base; Casper 2 - Culver City 0 | TOP OF THE 3RD |
---|
Casper Ghosts batting - Pitching for Culver City Extras : RHP Juan Rojas | Batting: RHB Paul Richard | 0-0: Ground out 6-3 (Groundball, 6M) | Batting: RHB Mark Arnold | 0-0: Swinging Strike 0-1: Swinging Strike 0-2: Ball 1-2: Strikes out looking | Batting: LHB Luis Rodríguez | 0-0: Called Strike 0-1: Ball 1-1: Ball 2-1: Foul Ball, location: 2F 2-2: Strikes out looking | Top of the 3rd over - 0 runs, 0 hits, 0 errors, 0 left on base; Casper 2 - Culver City 0 | BOTTOM OF THE 3RD |
---|
Culver City Extras batting - Pitching for Casper Ghosts : RHP Larry Jenkins | Batting: RHB Ricardo Deleón | 0-0: Ball 1-0: Ball 2-0: Called Strike 2-1: Ground out 5-3 (Groundball, 5L) | Batting: RHB Robert Koremans | 0-0: Fly out, F7 (Line Drive, 78M) | Batting: RHB Horace Johnson | 0-0: Ball 1-0: SOLO HOME RUN (Line Drive, 7LD), Distance : 317 ft | Batting: RHB Jamie Swyers | 0-0: Ground out 5-3 (Groundball, 56S) | Bottom of the 3rd over - 1 run, 1 hit, 0 errors, 0 left on base; Casper 2 - Culver City 1 | TOP OF THE 4TH |
---|
Casper Ghosts batting - Pitching for Culver City Extras : RHP Juan Rojas | Batting: RHB Miguel Toro | 0-0: SINGLE (Flyball, 78M) | Batting: SHB José González | 0-0: Ball 1-0: Foul Ball, location: 2F 1-1: Called Strike 1-2: Ball 2-2: Ball 3-2: Fielders Choice at 2nd, 5-4 (Groundball, 56) | Batting: RHB Hunter Plunket | 0-0: Ball 1-0: Foul Ball, location: 2F 1-1: Ball 2-1: Ball 3-1: Base on Balls José González to second | Batting: RHB Peter Bryant | 0-0: Swinging Strike 0-1: Ball 1-1: Ball José González steals 3rd base Hunter Plunket to second 2-1: Fly out, F7 (Flyball, 7LM) Runner from 3rd tags up, SCORES, no throw | Batting: RHB Troy Reed | 0-0: Swinging Strike 0-1: Ground out 3-1 (Groundball, 34) | Top of the 4th over - 1 run, 1 hit, 0 errors, 1 left on base; Casper 3 - Culver City 1 | BOTTOM OF THE 4TH |
---|
Culver City Extras batting - Pitching for Casper Ghosts : RHP Larry Jenkins | Batting: LHB Jorge Martínez | 0-0: Fly out, F9 (Line Drive, 89M) | Batting: LHB Tony Smith | 0-0: Ball 1-0: Ball 2-0: Foul Ball, location: 2F 2-1: SINGLE (Line Drive, 9LS) | Batting: LHB Ramiro Venegas | 0-0: Ball 1-0: Ground out 4-3 (Groundball, 4MD) Tony Smith to second | Batting: LHB Richard Bell | 0-0: Ground out 5-3 (Groundball, 56S) | Bottom of the 4th over - 0 runs, 1 hit, 0 errors, 1 left on base; Casper 3 - Culver City 1 | TOP OF THE 5TH |
---|
Casper Ghosts batting - Pitching for Culver City Extras : RHP Juan Rojas | Batting: RHB Robert Acosta | 0-0: Called Strike 0-1: Ball 1-1: Ball 2-1: Ball 3-1: Base on Balls | Batting: RHB Paul Richard | 0-0: Called Strike Robert Acosta steals 2nd base 0-1: Called Strike 0-2: Ground out 6-3 (Groundball, 6M) Robert Acosta to third | Batting: RHB Mark Arnold | 0-0: Ball 1-0: Fly out, F3 (Popup, 3SF) | Batting: LHB Luis Rodríguez | 0-0: Ball 1-0: Swinging Strike 1-1: Ball 2-1: Foul Ball, location: 2F 2-2: SINGLE (Groundball, 34D) Robert Acosta scores | Batting: RHB Miguel Toro | 0-0: Ball 1-0: Called Strike 1-1: Swinging Strike 1-2: Strikes out looking | Top of the 5th over - 1 run, 1 hit, 0 errors, 1 left on base; Casper 4 - Culver City 1 | BOTTOM OF THE 5TH |
---|
Culver City Extras batting - Pitching for Casper Ghosts : RHP Larry Jenkins | Batting: LHB Trey Fitzpatrick | 0-0: Called Strike 0-1: Hit by Pitch | Batting: RHB Ricardo Deleón | 0-0: Foul Ball, location: 2F 0-1: Ball 1-1: Called Strike 1-2: Ground out U3 (Groundball, 34) Trey Fitzpatrick to second | Batting: RHB Robert Koremans | 0-0: Fly out, F8 (Flyball, 8LS) | Batting: RHB Horace Johnson | 0-0: Ball 1-0: Called Strike 1-1: Foul Ball, location: 2F 1-2: Strikes out swinging | Bottom of the 5th over - 0 runs, 0 hits, 0 errors, 1 left on base; Casper 4 - Culver City 1 | TOP OF THE 6TH |
---|
Casper Ghosts batting - Pitching for Culver City Extras : RHP Juan Rojas | Batting: SHB José González | 0-0: Ball 1-0: Ball 2-0: Ball 3-0: Base on Balls | Batting: RHB Hunter Plunket | 0-0: Called Strike 0-1: Swinging Strike 0-2: Foul Ball, location: 2F 0-2: Strikes out swinging | Batting: RHB Peter Bryant | 0-0: Ball 1-0: Called Strike 1-1: Ball 2-1: Called Strike 2-2: Foul Ball, location: 2F 2-2: Foul Ball, location: 2F 2-2: Strikes out looking José González is caught stealing 2nd base Batter strikes out. | Top of the 6th over - 0 runs, 0 hits, 0 errors, 0 left on base; Casper 4 - Culver City 1 | BOTTOM OF THE 6TH |
---|
Culver City Extras batting - Pitching for Casper Ghosts : RHP Larry Jenkins | Batting: RHB Jamie Swyers | 0-0: Called Strike 0-1: Ball 1-1: Ball 2-1: Foul Ball, location: 2F 2-2: Ball 3-2: TRIPLE (Flyball, 89XD) | Batting: LHB Jorge Martínez | 0-0: Ball 1-0: Ball 2-0: Foul Ball, location: 2F 2-1: Foul Ball, location: 2F 2-2: DOUBLE (Groundball, 3L) Jamie Swyers scores | Batting: LHB Tony Smith | 0-0: Ball Jorge Martínez steals 3rd base 1-0: Fly out, F7 (Flyball, 7LSF) Runner from 3rd tags up, SCORES, no throw | Batting: LHB Ramiro Venegas | 0-0: Ground out 3-1 (Groundball, 34) | Batting: LHB Richard Bell | 0-0: Ball 1-0: Ball 2-0: Called Strike 2-1: Called Strike 2-2: Ball 3-2: DOUBLE (Line Drive, 9LM) | Batting: LHB Trey Fitzpatrick | 0-0: Ball Wild Pitch! Richard Bell to third 1-0: Ball 2-0: DOUBLE (Line Drive, 9D) Richard Bell scores | Batting: RHB Ricardo Deleón | 0-0: Ball 1-0: Ball 2-0: Called Strike 2-1: Foul Ball, location: 2F 2-2: Ground out 5-3 (Groundball, 56) | Bottom of the 6th over - 3 runs, 4 hits, 0 errors, 1 left on base; Casper 4 - Culver City 4 | TOP OF THE 7TH |
---|
Casper Ghosts batting - Pitching for Culver City Extras : RHP Juan Rojas | Pitching: RHP Ernest Jiménez | | Batting: RHB Troy Reed | 0-0: Swinging Strike 0-1: Ball 1-1: Foul Ball, location: 2F 1-2: Fly out, F8 (Flyball, 8RM) | Batting: RHB Robert Acosta | 0-0: Called Strike 0-1: SINGLE (Line Drive, 6M) | Batting: RHB Paul Richard | 0-0: Called Strike 0-1: Ball 1-1: Grounds into double play, 6-4-3 (Groundball, 6M) | Top of the 7th over - 0 runs, 1 hit, 0 errors, 0 left on base; Casper 4 - Culver City 4 | BOTTOM OF THE 7TH |
---|
Culver City Extras batting - Pitching for Casper Ghosts : RHP Larry Jenkins | Batting: RHB Robert Koremans | 0-0: Ball 1-0: SINGLE (Line Drive, 89S) | Batting: RHB Horace Johnson | 0-0: Sac Bunt - play at first, batter OUT! 1-4 Robert Koremans to second | Batting: RHB Jamie Swyers | 0-0: Called Strike 0-1: Foul Ball, location: 2F 0-2: Strikes out swinging | Batting: LHB Jorge Martínez | 0-0: SINGLE (Groundball, 4MD) Robert Koremans to third | Batting: LHB Tony Smith | 0-0: Ball 1-0: Swinging Strike 1-1: Ball 2-1: Ball 3-1: Foul Ball, location: 2F 3-2: Foul Ball, location: 2F 3-2: Foul Ball, location: 2F 3-2: Ground out 4-3 (Groundball, 4) | Bottom of the 7th over - 0 runs, 2 hits, 0 errors, 2 left on base; Casper 4 - Culver City 4 | TOP OF THE 8TH |
---|
Casper Ghosts batting - Pitching for Culver City Extras : RHP Ernest Jiménez | Batting: RHB Mark Arnold | 0-0: Ball 1-0: SINGLE (Groundball, 6MD) | Pitching: LHP Clarence Gill | | Batting: LHB Luis Rodríguez | 0-0: Foul Ball, location: 2F 0-1: Ball Wild Pitch! Mark Arnold to second 1-1: Ball 2-1: Ball 3-1: Base on Balls | Pitching: LHP Henry Brown | | Batting: RHB Miguel Toro | 0-0: SINGLE (Groundball, 4) (infield hit) Mark Arnold to third Luis Rodríguez to second | Batting: SHB José González | 0-0: Called Strike 0-1: Ball 1-1: Called Strike 1-2: Ball 2-2: Strikes out swinging | Batting: RHB Hunter Plunket | 0-0: Called Strike 0-1: Ball 1-1: Swinging Strike 1-2: Strikes out swinging | Batting: RHB Peter Bryant | 0-0: Foul Ball, location: 2F 0-1: Foul Ball, location: 2F 0-2: Strikes out swinging | Top of the 8th over - 0 runs, 2 hits, 0 errors, 3 left on base; Casper 4 - Culver City 4 | BOTTOM OF THE 8TH |
---|
Culver City Extras batting - Pitching for Casper Ghosts : RHP Larry Jenkins | Pitching: RHP Derrick Hall | | Pinch Hitting: LHB Ernesto Meléndez | 0-0: Called Strike 0-1: Ball 1-1: Ball 2-1: Foul Ball, location: 2F 2-2: SINGLE (Flyball, 78S) | Batting: LHB Richard Bell | 0-0: Ball 1-0: Fly out, F8 (Flyball, 78M) | Batting: LHB Trey Fitzpatrick | 0-0: Ball 1-0: Foul Ball, location: 2F 1-1: Ball 2-1: Foul Ball, location: 2F 2-2: Ball 3-2: Fielders Choice at 2nd, 4-6 (Groundball, 34) | Pinch Hitting: SHB Norberto Muñóz | 0-0: Ball 1-0: Called Strike 1-1: Ball 2-1: Ball 3-1: Base on Balls Trey Fitzpatrick to second | Batting: RHB Robert Koremans | 0-0: Ball 1-0: Called Strike 1-1: Ball 2-1: SINGLE (Groundball, 6MD) Trey Fitzpatrick to third Norberto Muñóz to second Runner from 3rd tries for Home, throw and OUT! | Bottom of the 8th over - 0 runs, 2 hits, 0 errors, 2 left on base; Casper 4 - Culver City 4 | TOP OF THE 9TH |
---|
Casper Ghosts batting - Pitching for Culver City Extras : LHP Henry Brown | Pitching: RHP Alejandro Longoria | | Now in LF: Ernesto Meléndez | | Now in RF: Joey Boyd | | Batting: RHB Troy Reed | 0-0: Ball 1-0: Ball 2-0: Swinging Strike 2-1: Foul Ball, location: 2F 2-2: Strikes out swinging | Batting: RHB Robert Acosta | 0-0: Swinging Strike 0-1: Swinging Strike 0-2: Strikes out swinging | Batting: RHB Paul Richard | 0-0: Swinging Strike 0-1: Ball 1-1: Ball 2-1: Ground out U3 (Groundball, 34) | Top of the 9th over - 0 runs, 0 hits, 0 errors, 0 left on base; Casper 4 - Culver City 4 | BOTTOM OF THE 9TH |
---|
Culver City Extras batting - Pitching for Casper Ghosts : RHP Derrick Hall | Pitching: RHP Pablo Lima | | Batting: RHB Horace Johnson | 0-0: Ball 1-0: Called Strike 1-1: Swinging Strike 1-2: Ball 2-2: Foul Ball, location: 2F 2-2: Ground out 5-3 (Groundball, 56S) | Batting: RHB Jamie Swyers | 0-0: Called Strike 0-1: SINGLE (Line Drive, 8RS) | Batting: LHB Jorge Martínez | 0-0: Foul Ball, location: 2F 0-1: Ball Jamie Swyers is caught stealing 2nd base 1-1: Called Strike 1-2: Ball 2-2: Ball 3-2: SINGLE (Flyball, 9S) | Batting: LHB Tony Smith | 0-0: Foul Ball, location: 2F 0-1: Ball Jorge Martínez steals 2nd base 1-1: Swinging Strike 1-2: Ball 2-2: Ball 3-2: Base on Balls | Batting: LHB Ernesto Meléndez | 0-0: Called Strike 0-1: Swinging Strike 0-2: Ball 1-2: SINGLE (Groundball, 56D) Jorge Martínez to third Tony Smith to second Runner from 3rd tries for Home, SAFE, no throw | Saturday, December 16th, 2017 - OOTP Baseball 18.8 Build 76 |
|